 Dungeon Crawl Stone Soup version 0.17-a0-1667-g4ca74a1 (webtiles) character file.

219 shakdrar the Magician (level 5, 0/28 HPs)
             Began as a Deep Elf Fire Elementalist on Aug 17, 2015.
             Was an Initiate of Vehumet.
             Slain by a gnoll
             ... wielding a +0 spear
              (8 damage)
             ... on level 3 of the Dungeon.
             The game lasted 00:30:27 (4098 turns).

shakdrar the Magician (Deep Elf Fire Elementalist)  Turns: 4098, Time: 00:30:27

Health: 0/28       AC:  2    Str:  6    XL:     5   Next: 64%
Magic:  15/23      EV: 13    Int: 20    God:    Vehumet [......]
Gold:   175        SH:  0    Dex: 15    Spells: 4 memorised, 4 levels left

rFire  . . .     SeeInvis .     e - +1 dagger
rCold  . . .     Clarity  .     a - +0 robe
rNeg   . . .     SustAt   .     (no shield)
rPois  +         Gourm    .     (no helmet)
rElec  .         Spirit   .     (no cloak)
rCorr  .         Warding  .     (no gloves)
rMut   .         Stasis   .     (no boots)
MR     .....                    (no amulet)
Stlth  ++........               p - ring of magical power
                                f - ring of poison resistance

@: very slightly contaminated, not resistant to hostile enchantments, unstealthy
A: no striking features
a: Renounce Religion


You were on level 3 of the Dungeon.
You worshipped Vehumet.
Vehumet was noncommittal.
You were not hungry.

You visited 2 branches of the dungeon, and saw 5 of its levels.

You collected 175 gold pieces.

Inventory:

Hand weapons
 e - a +1 dagger (weapon)
Armour
 a - a +0 robe (worn)
 i - a +0 hat
 n - a +0 robe
Jewellery
 f - a ring of poison resistance (left hand)
 p - a ring of magical power (right hand)
Magical devices
 o - a wand of digging (24)
Scrolls
 h - 3 scrolls of identify
Potions
 g - 3 potions of curing
 j - 2 potions of brilliance
Books
 b - a book of Flames

   Spells                             Type                      Level
   a - Flame Tongue                   Conjuration/Fire             1
   b - Throw Flame                    Conjuration/Fire             2
   c - Conjure Flame                  Conjuration/Fire             3
   d - Inner Flame                    Hexes/Fire                   3
   e - Sticky Flame                   Conjuration/Fire             4
   f - Fireball                       Conjuration/Fire             5
Comestibles
 d - a slice of pizza
 k - 3 fruits
 l - 3 meat rations
 m - a bread ration


   Skills:
 - Level 2.4 Dodging
 - Level 2.4 Stealth
 + Level 5.4 Spellcasting
 + Level 3.1 Conjurations
 + Level 5.0 Fire Magic


You had 4 spell levels left.
You knew the following spells:

 Your Spells              Type           Power        Failure   Level  Hunger
a - Flame Tongue          Conj/Fire      ###..        2%          1    None
b - Throw Flame           Conj/Fire      ###...       3%          2    None
c - Conjure Flame         Conj/Fire      ###.....     10%         3    ##.....
d - Sticky Flame          Conj/Fire      ###.....     24%         4    ####...


Dungeon Overview and Level Annotations

Branches:
Dungeon (4/15)             Temple (1/1) D:4

Altars:
Ashenzari
Dithmenos
Elyvilon
Gozag
Kikubaaqudgha
Makhleb
Nemelex Xobeh
Okawaru
Qazlal
Sif Muna
Trog
Vehumet
Xom
Zin
The Shining One

Annotations:
D:3 Grinder


Message History

Confirm with . or Enter, or press ? or * to list all spells.
Aiming: Sticky Flame
Press: ? - help, Shift-Dir - straight line, f - gnoll
Aim: a gnoll, wielding a spear You miscast Sticky Flame.
You are very lightly contaminated with residual magic.
Heat runs through your body. The gnoll hits you with a spear.
Casting: Sticky Flame
Confirm with . or Enter, or press ? or * to list all spells.
Aiming: Sticky Flame
Press: ? - help, Shift-Dir - straight line, f/p - gnoll
Aim: a gnoll, wielding a spear The sticky flame hits the gnoll.
The gnoll is moderately wounded.
The gnoll is covered in liquid flames!
The gnoll burns!
The gnoll hits you with a spear!
* * * LOW HITPOINT WARNING * * *
The gnoll burns!
The gnoll hits you from afar with a spear!
You die...

#######.# #.......#
#..>....# ##....###
#.####### #....# #
#.#.## #.#.# #.#.#
#.#.#
############.#.#
#..g<@.......#.#
.....##########...#
### #.### #.# #.#
#.# #.# .......(#
#########


You could see a gnoll (burning).

Vanquished Creatures
  An orc wizard (D:4)
  A centaur skeleton (D:4)
  A hound (D:4)
  A worker ant (D:4)
  3 adders (D:3)
  A gnoll (D:3)
  An ooze (D:3)
  5 worms
  4 orcs
  A giant cockroach (D:4)
  6 goblins
  6 hobgoblins
  5 jackals (D:1)
  3 quokkas
  5 bats
  5 giant newts
  6 kobolds
  6 rats
61 creatures vanquished.

Vanquished Creatures (others)
  A bush (D:4)
1 creature vanquished.

Grand Total: 62 creatures vanquished

Notes
Turn   | Place    | Note
--------------------------------------------------------------
     0 | D:1      | shakdrar the Deep Elf Fire Elementalist began the quest for the Orb.
     0 | D:1      | Reached XP level 1. HP: 10/10 MP: 6/6
   278 | D:1      | Reached XP level 2. HP: 15/15 MP: 6/8
   613 | D:1      | Learned a level 2 spell: Throw Flame
   990 | D:2      | Found a faded altar to an unknown god.
  1069 | D:2      | Reached XP level 3. HP: 19/19 MP: 0/10
  1288 | D:2      | Reached skill level 4 in Spellcasting
  2331 | D:2      | Found a glowing silver altar of Zin.
  2697 | D:3      | Reached XP level 4. HP: 24/24 MP: 4/12
  3094 | D:3      | Learned a level 3 spell: Conjure Flame
  3098 | D:3      | Noticed Grinder
  3100 | D:3      | Paralysed by Grinder for 2 turns
  3361 | D:4      | Reached skill level 5 in Spellcasting
  3361 | D:4      | Reached XP level 5. HP: 24/28 MP: 9/14
  3458 | D:4      | Found a stormy altar of Qazlal.
  3488 | D:4      | Noticed a centaur
  3489 | D:4      | HP: 1/28 [centaur/arrow (2)]
  3521 | D:4      | Found a shattered altar of Ashenzari.
  3760 | D:4      | Learned a level 4 spell: Sticky Flame
  3831 | D:4      | Reached skill level 5 in Fire Magic
  3917 | D:4      | Found a staircase to the Ecumenical Temple.
  3924 | Temple   | Entered the Ecumenical Temple
  3931 | Temple   | Became a worshipper of Vehumet
  4098 | D:3      | Slain by a gnoll

Vault maps used:
D:1:      elethiomel_arrival_maze
D:2:      lemuel_doored_altar, ecumenical_altar_1, nrook_mini_backslash,
          grunt_ministairs_13
D:3:      first_bread, uniq_grinder, uniq_robin
D:4:      fedhas_bush_and_centaur_altar, nicolae_ashenzari_panopticon,
          cheibriados_altar_wand_db, lemuel_round_altar,
          minmay_temple_entry_statues_pillars, minmay_misc_feat_chi,
          uniq_crazy_yiuf_cottage
Temple:   nicolae_temple_no_exploring_needed

Action                   |  1- 3 |  4- 6 || total
-------------------------+-------+-------++-------
Melee: Unarmed           |     1 |       ||     1
       Dagger            |    11 |       ||    11
 Cast: Flame Tongue      |    30 |       ||    30
       Throw Flame       |    51 |    42 ||    93
       Sticky Flame      |       |     1 ||     1
  Use: Scroll            |     5 |     3 ||     8
       Potion            |     5 |     3 ||     8
 Stab: Sleeping          |     2 |       ||     2
  Eat: Bread ration      |     1 |       ||     1
       Pizza             |     1 |       ||     1
       Meat ration       |       |     1 ||     1
